 Dungeon Crawl Stone Soup version 0.23.0-42-geed6394 (webtiles) character file.

Game seed: 12848174358543822820

35 nuthulu the Skirmisher (level 3, 0/40 HPs)
             Began as an Ogre Berserker on Feb 28, 2019.
             Was a Believer of Trog.
             Splashed by a jelly's acid (11 damage)
             ... on level 2 of the Dungeon.
             The game lasted 00:02:20 (1788 turns).

nuthulu the Skirmisher (Ogre Berserker)             Turns: 1788, Time: 00:02:21

Health: 0/40       AC: -5    Str: 22    XL:     3   Next: 35%
Magic:  3/3        EV: 10    Int:  8    God:    Trog [**....]
Gold:   91         SH:  0    Dex:  8    Spells: 2/2 levels left

rFire    . . .     SeeInvis .   a - +1 mace
rCold    . . .     Gourm    .   (no shield)
rNeg     . . .     Faith    .   b - +0 animal skin
rPois    .         Spirit   .   (helmet restricted)
rElec    .         Reflect  .   (no cloak)
rCorr    .         Harm     .   (gloves unavailable)
MR       .....                  (boots unavailable)
Stlth    +.........             (no amulet)
HPRegen  0.13/turn              (no ring)
MPRegen  0.08/turn              (no ring)

@: corroded, lightly drained
A: large, unfitting armour, tough skin 1
a: Berserk, Trog's Hand, Renounce Religion


You were on level 2 of the Dungeon.
You worshipped Trog.
Trog was pleased with you.
You were not hungry.

You visited 1 branch of the dungeon, and saw 2 of its levels.

You collected 91 gold pieces.

Inventory:

Hand Weapons
 a - a +1 mace (weapon)
Armour
 b - a +0 animal skin (worn)
Scrolls
 e - a scroll of teleportation
Potions
 f - a potion of might {unknown}
 h - 2 potions of curing
 k - a potion of ambrosia {unknown}
Comestibles
 c - 11 rations


   Skills:
 + Level 4.6(4.5) Fighting
 + Level 3.2(3.0) Maces & Flails
 + Level 3.1(3.0) Dodging


You had 2 spell levels left.
You didn't know any spells.
Your spell library was empty.

Dungeon Overview and Level Annotations

Branches:
Dungeon (2/15)

Altars:
Trog
Wu Jian
The Shining One


Innate Abilities, Weirdness & Mutations

You are too large for most types of armour.
You have tough skin. (AC +1)


Message History

The jelly hits you but does no damage.
You hit the jelly.
Your hands burn!
The jelly is heavily wounded.
The jelly hits you but does no damage. The jelly hits you.
You are splashed with acid!
You hit the jelly.
Your hands burn!
The jelly is severely wounded.
The jelly hits you but does no damage.
You hit the jelly. The acid corrodes you!
Your hands burn!
The jelly is severely wounded.
The jelly closely misses you.
You hit the jelly but do no damage.
Your hands burn!
The jelly is severely wounded.
The jelly closely misses you.
You hit the jelly. The acid corrodes you!
Your hands burn!
The jelly is almost dead.
The jelly hits you.
* * * LOW HITPOINT WARNING * * *
You are splashed with acid!
You die...

##..##.#.#................####..#
##..##.#.#######...######.......#
.........# #...# ######..>
#.####.### #...# ##.# .#.###.#
#...# #.# ###....# #...# #.#
.#.#####*###***#...### #.. #.##
*,,..)..##.....# ### ..#
*,*#.....)@....# ###
*,*#.##.#J..#..# *,**,..........#
*,**,##.#......#
*,,,,...#......#**
****...,.........*
**#.#*##..%..##.#**
*,..,,,###.##.,..,*
*,*,**,***,**,***,*****


You could see a jelly.

Vanquished Creatures
  A worm (D:2)
  A dart slug (D:1)
  7 bats
  5 goblins
  3 hobgoblins (D:1)
  2 jackals (D:2)
  3 frilled lizards
  5 kobolds
  A rat (D:1)
28 creatures vanquished.

Vanquished Creatures (others)
  5 toadstools (D:1)
5 creatures vanquished.

Grand Total: 33 creatures vanquished

Notes
Turn   | Place    | Note
-------+----------+-------------------------------------------
     0 | D:1      | nuthulu the Ogre Berserker began the quest for the Orb.
     0 | D:1      | Reached XP level 1. HP: 24/24 MP: 1/1
   279 | D:1      | Reached XP level 2. HP: 22/32 MP: 2/2
  1061 | D:1      | Reached ** piety under Trog
  1382 | D:2      | Reached XP level 3. HP: 40/40 MP: 3/3
  1680 | D:2      | Found a glowing golden altar of the Shining One.
  1680 | D:2      | Found a bloodstained altar of Trog.
  1681 | D:2      | Found an ornate altar of the Wu Jian Council.
  1788 | D:2      | Splashed by a jelly's acid

Skill      XL: |  1  2 |
---------------+-------+-----
Maces & Flails | 3 |  3.2
Dodging        | 3 |  3.1
Fighting       | |  4.6

Action                   || total
-------------------------++-------
Melee: Mace              ||    97
  Use: Scroll            ||     9
  Eat: Chunk             ||     3
Armor: Animal skin       ||    48
Dodge: Dodged            ||    58
